 Dungeon Crawl Stone Soup version 0.16-a0-4023-g001212b (webtiles) character file.

75072 BluebellGnoll the Warrior (level 15, -4/145 HPs)
             Began as a Minotaur Gladiator on Feb 17, 2015.
             Was the Champion of Makhleb.
             Slain by a wolf spider (13 damage)
             ... on level 1 of the Spider Nest on Feb 18, 2015.
             The game lasted 01:51:12 (27656 turns).

BluebellGnoll the Warrior (Minotaur Gladiator)     Turns: 27656, Time: 01:51:12

Health: -4/145     AC: 23    Str: 25    XL:     15   Next: 8%
Magic:  28/28      EV: 10    Int:  5    God:    Makhleb [******]
Gold:   1750       SH:  0    Dex: 11    Spells: 0 memorised, 14 levels left

rFire  + . .     SeeInvis +     V - +10 battleaxe of Twenneg {chop, rPois MR+}
rCold  . . .     Clarity  .     p - +2 chain mail {rF+}
rNeg   . . .     SustAb   .     (no shield)
rPois  +         Gourm    .     c - +0 hat
rElec  .         Spirit   .     I - +0 cloak
rCorr  .         Warding  .     o - +0 pair of gloves (curse)
rMut   .         Stasis   .     y - +1 pair of boots
MR     +++..                    i - amulet of rage
Stlth  ..........               C - ring of protection from magic
                                z - ring of see invisible

@: confused, extremely resistant to hostile enchantments, extremely unstealthy
A: retaliatory headbutt, horns 2, icy blue scales 1, rough black scales 1
a: Minor Destruction, Lesser Servant of Makhleb, Major Destruction, Greater
Servant of Makhleb, Renounce Religion, Evoke Berserk Rage


You were on level 1 of the Spider Nest.
You worshipped Makhleb.
Makhleb was exalted by your worship.
You were not hungry.

You visited 6 branches of the dungeon, and saw 28 of its levels.
You also visited: Labyrinth and Volcano.

You collected 2609 gold pieces.
You spent 859 gold pieces at shops.

Inventory:

Hand weapons
 Q - the +6 broad axe of a sewer {chop, -Tele rElec MR+ Stlth+}
   (You found it on level 11 of the Dungeon)

   It inflicts extra damage upon your enemies.
   It insulates you from electricity.
   It affects your resistance to hostile enchantments.
   It prevents most forms of teleportation.
   It makes you more stealthy.
 V - the +10 battleaxe of Twenneg (weapon) {chop, rPois MR+}
   (You bought it in a shop on level 4 of the Orcish Mines)

   It inflicts extra damage upon your enemies.
   It protects you from poison.
   It affects your resistance to hostile enchantments.
Missiles
 t - 6 tomahawks of dispersal
 F - 41 tomahawks (quivered)
 K - 2 throwing nets
Armour
 c - a +0 hat (worn)
 o - a cursed +0 pair of gloves (worn)
 p - a +2 chain mail of fire resistance (worn)
 y - a +1 pair of boots (worn)
 I - a +0 cloak (worn)
Rods
 b - a +5 rod of ignition (13/13)
   (You took it off a minotaur in a labyrinth)
 E - a +0 rod of the swarm (12/12)
   (You found it in a labyrinth)
Jewellery
 i - an amulet of rage (around neck)
 m - an uncursed ring of protection from fire
 s - an uncursed ring of positive energy
 v - an uncursed ring of ice
 z - a ring of see invisible (left hand)
 C - a ring of protection from magic (right hand)
 S - an uncursed ring of protection from fire
 W - an uncursed ring of poison resistance
 Z - an uncursed ring of invisibility
Magical devices
 a - a wand of disintegration (9)
 H - a wand of enslavement (11)
 M - a wand of fire (8)
 N - a wand of paralysis (13)
 T - a wand of digging (8)
Scrolls
 g - a scroll of fog
 n - a scroll of holy word
 q - 2 scrolls of blinking
 D - 3 scrolls of teleportation
 P - 3 scrolls of fear
 U - 3 scrolls of immolation
Potions
 e - 3 potions of resistance
 j - 2 potions of flight
 r - 2 potions of ambrosia
 G - 4 potions of curing
 L - a potion of heal wounds
Miscellaneous
 w - a box of beasts
Comestibles
 f - 12 bread rations
 h - 6 poisonous chunks of flesh


   Skills:
 - Level 16.7 Fighting
 + Level 13.3 Axes
 - Level 6.6 Throwing
 - Level 9.1 Armour
 - Level 3.2 Dodging
 - Level 13.5 Invocations
 - Level 10.9 Evocations


You had 14 spell levels left.
You didn't know any spells.

Dungeon Overview and Level Annotations

Branches:
Dungeon (13/15)            Temple (1/1) D:4            Lair (7/8) D:11
  Swamp (2/5) Lair:4       Spider (1/5) Lair:5        Slime (0/6) Lair:6
    Orc (4/4) D:12            Elf (0/3) Orc:3
 Vaults: D:13-14

Altars:
Ashenzari
Cheibriados
Dithmenos
Elyvilon
Fedhas
Gozag
Kikubaaqudgha
Makhleb
Nemelex Xobeh
Okawaru
Qazlal
Ru
Sif Muna
Trog
Vehumet
Xom
Yredelemnul
Zin
The Shining One

Shops:
D:7 [   D:8 *   D:9 *   Orc:1 %   Orc:4 %*(*

Annotations:
D:7 dig


Innate Abilities, Weirdness & Mutations

You reflexively headbutt those who attack you in melee.
You have a pair of horns on your head.
You are partially covered in icy blue scales (AC +1).
You are partially covered in rough black scales (AC +4, Dex -1).


Message History

The trapdoor spider barely misses you.
The tarantella bites you but does no damage.
You barely miss the demonic crawler.
You headbutt the demonic crawler, but do no damage.
The demonic crawler is severely wounded.
The jumping spider pounces on you but does no damage.
The jumping spider barely misses you. The wolf spider hits you!
* * * LOW HITPOINT WARNING * * *
The wolf spider barely misses you.
The demonic crawler hits you but does no damage.
The demonic crawler closely misses you.
The demonic crawler hits you but does no damage.
The trapdoor spider bites you!
* * * LOW HITPOINT WARNING * * *
The tarantella closely misses you.
The jumping spider pounces on you but does no damage.
The jumping spider bites you.
* * * LOW HITPOINT WARNING * * *
The wolf spider hits you!
You die...

##.......# #........###...
#........###..............
####....#.##.....#........
######.##.....#.##.....
#######.##...##.#......
##.......#######........
##......)..##............
#......sss...............
......^ss@##............##
........s####....#....#.##
....(..†## #.........###.#
...(..# ##.........# #..
(..... #..........###..
..... #..........##...
.... #..........##... ..
#..........###.. .
##...........#...


You could see a demonic crawler, 2 wolf spiders, a trapdoor spider, a jumping
spider and a tarantella.

Vanquished Creatures
  An orc warlord (Orc:4)
  A minotaur (Lab)
  8 hydras
  Nessos (Volcano)
  Erica (Orc:3)
  2 alligators
  A tengu warrior (D:11)
  2 centaur warriors (D:13)
  A spriggan berserker (Swamp:2)
  4 orc high priests
  Nergalle (D:10)
  2 swamp dragons
  2 spriggan druids (Swamp:2)
  5 hill giants
  A shambling mangrove (Swamp:1)
  3 orc knights
  4 wolf spiders (Spider:1)
  An orb spider (Spider:1)
  4 ugly things
  6 elephants (Lair:6)
  3 orc sorcerers
  2 black mambas
  An orange demon (Orc:4)
  Maurice (D:9)
  Joseph (D:7)
  2 molten gargoyles (Volcano)
  An eye of devastation (Lair:6)
  11 spiny frogs
  4 komodo dragons
  A hellwing (Orc:2)
  2 yaktaurs (Volcano)
  5 demonic crawlers (Spider:1)
  2 jumping spiders (Spider:1)
  Sonja (D:11)
  3 two-headed ogres
  5 ravens (Swamp:1)
  4 bog bodies
  4 slime creatures (Swamp:2)
  2 giant leeches
  5 blink frogs
  4 trolls
  2 tarantellas (Spider:1)
  3 trapdoor spiders
  5 shadows
  36 yaks
  A human (D:8)
  Eustachio (D:7)
  The ghost of hornqvist the Chopper, an average HOFi (D:3)
  7 spriggans
  A wraith (D:11)
  8 hippogriffs
  4 vampire mosquitoes (Swamp:1)
  A deep elf mage (D:11)
  2 hungry ghosts (D:11)
  4 wargs
  14 wolves
  10 swamp worms
  A mottled dragon (D:11)
  2 ice beasts
  8 water moccasins
  A dwarf (shapeshifter) (D:11)
  6 porcupines
  14 ogres
  6 spiders (Spider:1)
  32 orc warriors
  An eye of draining (Lair:6)
  A necrophage (D:11)
  7 sky beasts
  7 wasps
  8 crocodiles
  10 centaurs
  A boring beetle (Spider:1)
  Blork the orc (D:6)
  11 giant frogs
  5 scorpions
  A water moccasin skeleton (D:11)
  3 jellies
  3 wights (D:7)
  2 yak skeletons (Orc:4)
  2 electric eels
  14 killer bees
  3 goliath beetles
  29 orc priests
  11 crimson imps
  5 iguanas
  2 giant frog skeletons
  11 hounds
  3 giant frog zombies
  22 orc wizards
  A quasit (D:6)
  A statue (D:5)
  9 worker ants
  7 sheep
  Ijyb (D:5)
  2 worker ant zombies
  3 gnolls (D:7)
  77 river rats
  A shadow imp (D:13)
  20 adders
  2 adder skeletons
  4 giant geckos
  2 oozes
  200 orcs
  21 bats
  A bat skeleton (D:8)
  5 giant cockroaches
  33 goblins
  17 hobgoblins
  14 jackals
  13 kobolds
  11 quokkas
  3 ball pythons
  A giant gecko skeleton (D:8)
  3 giant newts
  2 giant spores (D:11)
  4 orc zombies
  A quokka zombie (D:9)
  19 rats
  9 rat skeletons (Orc:4)
  5 ballistomycetes (D:11)
  A butterfly (Lair:1)
  10 fungi
  7 plants
958 creatures vanquished.

Vanquished Creatures (collateral kills)
  A thorn hunter (Swamp:2)
  Roxanne (Swamp:1)
  A sun demon (Orc:4)
  3 orc knights (Orc:4)
  An orc sorcerer (Orc:4)
  4 orc zombies (Orc:4)
  A swamp worm (Swamp:2)
  A swamp drake (Swamp:2)
  An orc priest (Orc:4)
14 creatures vanquished.

Vanquished Creatures (others)
  An Executioner (Swamp:1)
  A deep elf mage (D:11)
  A vampire mosquito (Swamp:2)
  A spider (Volcano)
  3 goliath beetles
  A hound (D:11)
  An orc priest (Orc:4)
  2 worker ants
  An orc wizard (Orc:3)
  A worm (Volcano)
  A hobgoblin (D:11)
  A quokka (D:11)
  2 rat skeletons (Orc:4)
  A butterfly (Swamp:2)
  2 fungi (Lair:6)
20 creatures vanquished.

Grand Total: 992 creatures vanquished

Notes
Turn   | Place    | Note
--------------------------------------------------------------
     0 | D:1      | BluebellGnoll, the Minotaur Gladiator, began the quest for the Orb.
     0 | D:1      | Reached XP level 1. HP: 18/18 MP: 1/1
   106 | D:1      | Reached XP level 2. HP: 20/26 MP: 1/1
   595 | D:1      | Reached skill level 4 in Fighting
   987 | D:2      | Reached XP level 3. HP: 30/33 MP: 2/2
  1205 | D:2      | Found a blossoming altar of Fedhas.
  1401 | D:2      | Found an opulent altar of Gozag.
  1401 | D:2      | Found a sparkling altar of Nemelex Xobeh.
  1567 | D:2      | Found a glowing golden altar of the Shining One.
  1733 | D:3      | Reached XP level 4. HP: 35/40 MP: 2/2
  1849 | D:3      | Reached skill level 5 in Axes
  1870 | D:3      | Noticed hornqvist's ghost (average HOFi)
  1877 | D:3      | Killed hornqvist's ghost
  1877 | D:3      | Reached skill level 7 in Axes
  1877 | D:3      | Reached XP level 5. HP: 46/46 MP: 2/2
  2150 | D:3      | Reached XP level 6. HP: 29/52 MP: 3/3
  2505 | D:4      | Found a staircase to the Ecumenical Temple.
  2511 | Temple   | Entered the Ecumenical Temple
  2780 | D:4      | Found a snail-covered altar of Cheibriados.
  2783 | D:4      | Reached skill level 1 in Armour
  3321 | D:5      | Entered Level 5 of the Dungeon
  3326 | D:5      | Reached skill level 5 in Fighting
  3452 | D:5      | Noticed Ijyb
  3462 | D:5      | Killed Ijyb
  3503 | D:5      | Reached XP level 7. HP: 61/61 MP: 3/3
  3888 | D:5      | Found a radiant altar of Vehumet.
  4038 | D:5      | Found a white marble altar of Elyvilon.
  4206 | D:5      | Found a burning altar of Makhleb.
  4214 | D:5      | Became a worshipper of Makhleb the Destroyer
  4419 | D:6      | Got a bloodstained mace
  4420 | D:6      | Identified the cursed +1 mace of Hobal {freeze, rC+ MR+ Dex+3 Stlth-} (You found it on level 6 of the Dungeon)
  4429 | D:6      | Reached skill level 5 in Armour
  4485 | D:6      | Noticed Blork the orc
  4492 | D:6      | Killed Blork the orc
  4625 | D:6      | Found a stormy altar of Qazlal.
  4753 | D:6      | Reached XP level 8. HP: 60/73 MP: 3/3
  4757 | D:6      | Gained mutation: You are partially covered in icy blue scales (AC +1). [mutagenic meat]
  4758 | D:6      | Gained mutation: You are partially covered in rough black scales (AC +4, Dex -1). [mutagenic meat]
  5209 | D:7      | Noticed Eustachio
  5227 | D:7      | Killed Eustachio
  5227 | D:7      | Reached skill level 8 in Fighting
  5300 | D:7      | Noticed Joseph
  5322 | D:7      | Killed Joseph
  5322 | D:7      | Acquired Makhleb's first power
  5415 | D:7      | Found a basalt altar of Yredelemnul.
  5453 | D:7      | Found an iron altar of Okawaru.
  5460 | D:7      | Reached skill level 9 in Fighting
  5460 | D:7      | Reached XP level 9. HP: 81/83 MP: 4/4
  5535 | D:7      | Found a glowing silver altar of Zin.
  5945 | D:7      | Found Pupakk's Antique Armour Emporium.
  6134 | D:8      | Got a smelly leather armour
  6213 | D:8      | Found Gonuh's Assorted Antiques.
  6226 | D:8      | Bought a brown potion for 33 gold pieces
  6226 | D:8      | Bought a scroll labeled LAVATUSUSA for 37 gold pieces
  6226 | D:8      | Bought a black potion for 33 gold pieces
  6226 | D:8      | Bought a scroll labeled GHIVIU ZASSI for 37 gold pieces
  6315 | D:8      | Acquired Makhleb's second power
  6678 | D:8      | Reached skill level 10 in Fighting
  7084 | D:8      | Identified the cursed -1 leather armour "Tika Wadd" {rElec rF+ Str+3 Int+4} (You found it on level 8 of the Dungeon)
  7406 | D:9      | Reached skill level 11 in Fighting
  7442 | D:9      | Acquired Makhleb's third power
  7442 | D:9      | Reached skill level 10 in Axes
  7475 | D:9      | Reached XP level 10. HP: 95/95 MP: 4/4
  7728 | D:9      | Found Cissaapt's Assorted Antiques.
  7736 | D:9      | Bought a dark potion for 25 gold pieces
  7736 | D:9      | Bought a viscous pink potion for 25 gold pieces
  7736 | D:9      | Bought 2 fuming inky potions for 50 gold pieces
  7736 | D:9      | Bought a dented ivory amulet for 140 gold pieces
  8220 | D:9      | Noticed Maurice
  8234 | D:9      | Killed Maurice
  8328 | D:10     | Entered Level 10 of the Dungeon
  8328 | D:10     | Noticed Nergalle
  8342 | D:10     | Killed Nergalle
  8342 | D:10     | Reached skill level 12 in Fighting
  8485 | D:10     | Noticed a hill giant
  8494 | D:10     | Killed a hill giant
  8656 | D:10     | Reached skill level 5 in Throwing
  9063 | D:10     | Reached skill level 13 in Fighting
  9168 | D:11     | Noticed a green ugly thing
  9220 | D:11     | Found a staircase to the Lair.
  9242 | D:11     | Reached XP level 11. HP: 101/107 MP: 4/4
  9375 | D:11     | Acquired Makhleb's fourth power
  9434 | D:11     | Noticed a hill giant
  9444 | D:11     | Killed a hill giant
  9469 | D:11     | Found a labyrinth entrance.
  9486 | Lab      | Entered a labyrinth
 10449 | Lab      | Noticed a minotaur
 10458 | Lab      | Killed a minotaur
 10522 | D:11     | Killed a green ugly thing
 10595 | Lair:1   | Entered Level 1 of the Lair of Beasts
 10721 | Lair:1   | Reached skill level 5 in Evocations
 10942 | Lair:1   | Identified a +5 rod of ignition (13/13) (You took it off a minotaur in a labyrinth)
 10943 | Lair:1   | Identified a +0 rod of the swarm (12/12) (You found it in a labyrinth)
 11008 | Lair:1   | Noticed a four-headed hydra
 11015 | Lair:1   | Killed a four-headed hydra
 11240 | Lair:1   | Acquired Makhleb's fifth power
 11468 | Lair:1   | Reached XP level 12. HP: 115/115 MP: 19/21
 12049 | Lair:2   | Reached skill level 10 in Evocations
 12537 | Lair:3   | Got a warped trident
 12656 | Lair:3   | Noticed a four-headed hydra
 12663 | Lair:3   | Killed a four-headed hydra
 12812 | Lair:3   | Found a dark tunnel.
 12832 | Volcano  | Entered a volcano
 12997 | Volcano  | Found a burning altar of Makhleb.
 12997 | Volcano  | Noticed Nessos
 13002 | Volcano  | Reached skill level 1 in Invocations
 13023 | Volcano  | Killed Nessos
 13517 | Lair:3   | Identified the +8 trident of the Owl {drain, MR+} (You found it on level 3 of the Lair of Beasts)
 13660 | Lair:2   | Got a brightly glowing scale mail
 13671 | Lair:2   | Identified the cursed -5 scale mail of Impressiveness {-Cast rElec Slay+3 Stlth+} (You found it on level 2 of the Lair of Beasts)
 14121 | Lair:4   | Got a pair of faintly humming gloves
 14127 | Lair:4   | Identified the cursed -3 pair of gloves "Ceazijud" {rF+} (You found it on level 4 of the Lair of Beasts)
 14228 | Lair:4   | Noticed a four-headed hydra
 14234 | Lair:4   | Killed a four-headed hydra
 14234 | Lair:4   | Reached skill level 5 in Invocations
 14752 | Lair:4   | Found a staircase to the Swamp.
 15021 | Lair:5   | Found a hole to the Spider Nest.
 15764 | Lair:6   | Reached XP level 13. HP: 103/122 MP: 23/23
 15808 | Lair:6   | Found a staircase to the Slime Pits.
 16402 | Lair:6   | Reached skill level 10 in Invocations
 17015 | D:11     | Noticed Sonja
 17022 | D:11     | Killed Sonja
 17088 | D:11     | Found a deep blue altar of Sif Muna.
 17143 | D:11     | Got an iridescent broad axe
 17144 | D:11     | Identified the +6 broad axe of a sewer {chop, -Tele rElec MR+ Stlth+} (You found it on level 11 of the Dungeon)
 17175 | D:11     | Noticed a hill giant
 17186 | D:11     | Killed a hill giant
 17214 | D:11     | Noticed a tengu warrior
 17232 | D:11     | Killed a tengu warrior
 17284 | D:11     | Noticed a hill giant
 17295 | D:11     | Killed a hill giant
 18255 | D:12     | Found a staircase to the Orcish Mines.
 18441 | Swamp:1  | Entered Level 1 of the Swamp
 18460 | Swamp:1  | HP: 4/122 [spriggan/spear (5)]
 20235 | Orc:1    | Entered Level 1 of the Orcish Mines
 20552 | Orc:1    | Found Nitzoar's Food Emporium.
 21082 | Orc:2    | Found a bloodstained altar of Trog.
 21421 | Orc:3    | Noticed Erica
 21429 | Orc:3    | Killed Erica
 21474 | Orc:3    | Found a staircase to the Elven Halls.
 21565 | Orc:3    | Reached XP level 14. HP: 126/129 MP: 27/27
 21939 | Orc:4    | Entered Level 4 of the Orcish Mines
 22093 | Orc:4    | Noticed an orc warlord
 22114 | Orc:4    | Killed an orc warlord
 22463 | Orc:4    | Reached skill level 14 in Fighting
 23214 | Orc:4    | Found Shryz's Food Shop.
 23215 | Orc:4    | Found Kaehuah's Assorted Antiques.
 23226 | Orc:4    | Found Stoimej's General Store.
 23226 | Orc:4    | Found Upeosch's Antique Weapon Shop.
 23303 | Orc:4    | Bought a pitted battleaxe for 322 gold pieces
 23306 | Orc:4    | Bought a scroll of blinking for 157 gold pieces
 23311 | Orc:4    | Identified the +10 battleaxe of Twenneg {chop, rPois MR+} (You bought it in a shop on level 4 of the Orcish Mines)
 23965 | Swamp:1  | Reached skill level 15 in Fighting
 24260 | Swamp:1  | Identified a scroll of acquirement
 24290 | Swamp:1  | Noticed Roxanne
 24847 | Swamp:1  | Killed Roxanne
 25184 | Swamp:2  | Noticed a thorn hunter
 25192 | Swamp:2  | Killed a thorn hunter
 25192 | Swamp:2  | Reached skill level 16 in Fighting
 26124 | Swamp:2  | HP: 1/138 [six-headed hydra[a spriggan druid] (6)]
 27117 | Spider:1 | Entered Level 1 of the Spider Nest
 27118 | Spider:1 | Upgraded the game from 0.16-a0-4020-g6ff35b5 to 0.16-a0-4023-g001212b
 27210 | Spider:1 | Reached XP level 15. HP: 145/145 MP: 28/28
 27656 | Spider:1 | Slain by a wolf spider

Action                   |  1- 3 |  4- 6 |  7- 9 | 10-12 | 13-15 || total
-------------------------+-------+-------+-------+-------+-------++-------
Melee: War axe           |    83 |    84 |   322 |   689 |   142 ||  1320
       Mace              |       |       |     5 |       |       ||     5
       Broad axe         |       |       |       |       |   595 ||   595
       Battleaxe         |       |       |       |       |   281 ||   281
Throw: Throwing net      |       |     5 |       |     5 |       ||    10
       Tomahawk          |       |       |    17 |   124 |   140 ||   281
Invok: Major Destruction |       |       |       |     1 |     6 ||     7
       Greater Servant o |       |       |       |       |     5 ||     5
 Abil: Evoke Berserk Rag |       |     1 |     1 |     5 |     1 ||     8
Evoke: Wand              |       |       |     2 |    12 |     8 ||    22
       Rod               |       |       |       |     2 |     2 ||     4
  Use: Scroll            |       |       |    19 |    11 |     8 ||    38
       Potion            |       |       |     1 |     4 |     4 ||     9
 Stab: Sleeping          |     1 |       |       |       |       ||     1
       Held in net/web   |       |     2 |       |       |       ||     2
  Eat: Chunk             |     2 |     6 |    16 |    21 |    30 ||    75
       Fruit             |       |     1 |       |       |     1 ||     2
       Meat ration       |       |       |       |     2 |       ||     2
       Bread ration      |       |       |       |       |     2 ||     2
       Beef jerky        |       |       |       |       |     1 ||     1
